Workbook

Sheet 整体汇总
A1: 供水企业供水成本费用表
A2: 供水企业名称：全市汇总 | F2: 单位：万元
A3: 项目名称 | B3: 行次及关系 | C3: 2018年 | D3: 2019年 | E3: 2020年 | F3: 三年平均
A4: 一、运营成本合计（单位：万元） | B4: B1=B2+B11+B26 | C4: ='东部-表2供水企业供水成本费用表'!C4+'西部-表2供水企业供水成本费用表'!C4+'二次-表2供水企业供水成本费用表'!C4+'中法-表2供水企业供水成本费用表'!C4 -> 38090.74 | D4: ='东部-表2供水企业供水成本费用表'!D4+'西部-表2供水企业供水成本费用表'!D4+'二次-表2供水企业供水成本费用表'!D4+'中法-表2供水企业供水成本费用表'!D4 -> 42830.06 | E4: ='东部-表2供水企业供水成本费用表'!E4+'西部-表2供水企业供水成本费用表'!E4+'二次-表2供水企业供水成本费用表'!E4+'中法-表2供水企业供水成本费用表'!E4 -> 39976.77 | F4: ='东部-表2供水企业供水成本费用表'!F4+'西部-表2供水企业供水成本费用表'!F4+'二次-表2供水企业供水成本费用表'!F4+'中法-表2供水企业供水成本费用表'!F4 -> 41543.74
A5: （一）制水成本 | B5: B2=Σ(B3:B10) | C5: ='东部-表2供水企业供水成本费用表'!C5+'西部-表2供水企业供水成本费用表'!C5+'二次-表2供水企业供水成本费用表'!C5+'中法-表2供水企业供水成本费用表'!C5 -> 20719.89 | D5: ='东部-表2供水企业供水成本费用表'!D5+'西部-表2供水企业供水成本费用表'!D5+'二次-表2供水企业供水成本费用表'!D5+'中法-表2供水企业供水成本费用表'!D5 -> 22389.43 | E5: ='东部-表2供水企业供水成本费用表'!E5+'西部-表2供水企业供水成本费用表'!E5+'二次-表2供水企业供水成本费用表'!E5+'中法-表2供水企业供水成本费用表'!E5 -> 27855.4 | F5: ='东部-表2供水企业供水成本费用表'!F5+'西部-表2供水企业供水成本费用表'!F5+'二次-表2供水企业供水成本费用表'!F5+'中法-表2供水企业供水成本费用表'!F5 -> 24671.37
A6: 1．原水费 | B6: B3 | C6: ='东部-表2供水企业供水成本费用表'!C6+'西部-表2供水企业供水成本费用表'!C6+'二次-表2供水企业供水成本费用表'!C6+'中法-表2供水企业供水成本费用表'!C6 -> 5493.42 | D6: ='东部-表2供水企业供水成本费用表'!D6+'西部-表2供水企业供水成本费用表'!D6+'二次-表2供水企业供水成本费用表'!D6+'中法-表2供水企业供水成本费用表'!D6 -> 5774.88 | E6: ='东部-表2供水企业供水成本费用表'!E6+'西部-表2供水企业供水成本费用表'!E6+'二次-表2供水企业供水成本费用表'!E6+'中法-表2供水企业供水成本费用表'!E6 -> 5311.49 | F6: ='东部-表2供水企业供水成本费用表'!F6+'西部-表2供水企业供水成本费用表'!F6+'二次-表2供水企业供水成本费用表'!F6+'中法-表2供水企业供水成本费用表'!F6 -> 5550.23
A7: 2．原材料费 | B7: B4 | C7: ='东部-表2供水企业供水成本费用表'!C7+'西部-表2供水企业供水成本费用表'!C7+'二次-表2供水企业供水成本费用表'!C7+'中法-表2供水企业供水成本费用表'!C7 -> 817.85 | D7: ='东部-表2供水企业供水成本费用表'!D7+'西部-表2供水企业供水成本费用表'!D7+'二次-表2供水企业供水成本费用表'!D7+'中法-表2供水企业供水成本费用表'!D7 -> 993.54 | E7: ='东部-表2供水企业供水成本费用表'!E7+'西部-表2供水企业供水成本费用表'!E7+'二次-表2供水企业供水成本费用表'!E7+'中法-表2供水企业供水成本费用表'!E7 -> 1025.11 | F7: ='东部-表2供水企业供水成本费用表'!F7+'西部-表2供水企业供水成本费用表'!F7+'二次-表2供水企业供水成本费用表'!F7+'中法-表2供水企业供水成本费用表'!F7 -> 950.9
A8: 3．动力费 | B8: B5 | C8: ='东部-表2供水企业供水成本费用表'!C8+'西部-表2供水企业供水成本费用表'!C8+'二次-表2供水企业供水成本费用表'!C8+'中法-表2供水企业供水成本费用表'!C8 -> 2348.94 | D8: ='东部-表2供水企业供水成本费用表'!D8+'西部-表2供水企业供水成本费用表'!D8+'二次-表2供水企业供水成本费用表'!D8+'中法-表2供水企业供水成本费用表'!D8 -> 2584.37 | E8: ='东部-表2供水企业供水成本费用表'!E8+'西部-表2供水企业供水成本费用表'!E8+'二次-表2供水企业供水成本费用表'!E8+'中法-表2供水企业供水成本费用表'!E8 -> 2426.19 | F8: ='东部-表2供水企业供水成本费用表'!F8+'西部-表2供水企业供水成本费用表'!F8+'二次-表2供水企业供水成本费用表'!F8+'中法-表2供水企业供水成本费用表'!F8 -> 2466.96
A9: 4．外购成品水费 | B9: B6 | C9: ='东部-表2供水企业供水成本费用表'!C9+'西部-表2供水企业供水成本费用表'!C9+'二次-表2供水企业供水成本费用表'!C9+'中法-表2供水企业供水成本费用表'!C9 -> 6629.48 | D9: ='东部-表2供水企业供水成本费用表'!D9+'西部-表2供水企业供水成本费用表'!D9+'二次-表2供水企业供水成本费用表'!D9+'中法-表2供水企业供水成本费用表'!D9 -> 6876.69 | E9: ='东部-表2供水企业供水成本费用表'!E9+'西部-表2供水企业供水成本费用表'!E9+'二次-表2供水企业供水成本费用表'!E9+'中法-表2供水企业供水成本费用表'!E9 -> 6028.46 | F9: ='东部-表2供水企业供水成本费用表'!F9+'西部-表2供水企业供水成本费用表'!F9+'二次-表2供水企业供水成本费用表'!F9+'中法-表2供水企业供水成本费用表'!F9 -> 6831.32
A10: 5．修理费 | B10: B7 | C10: ='东部-表2供水企业供水成本费用表'!C10+'西部-表2供水企业供水成本费用表'!C10+'二次-表2供水企业供水成本费用表'!C10+'中法-表2供水企业供水成本费用表'!C10 -> 362.39 | D10: ='东部-表2供水企业供水成本费用表'!D10+'西部-表2供水企业供水成本费用表'!D10+'二次-表2供水企业供水成本费用表'!D10+'中法-表2供水企业供水成本费用表'!D10 -> 505.82 | E10: ='东部-表2供水企业供水成本费用表'!E10+'西部-表2供水企业供水成本费用表'!E10+'二次-表2供水企业供水成本费用表'!E10+'中法-表2供水企业供水成本费用表'!E10 -> 210.67 | F10: ='东部-表2供水企业供水成本费用表'!F10+'西部-表2供水企业供水成本费用表'!F10+'二次-表2供水企业供水成本费用表'!F10+'中法-表2供水企业供水成本费用表'!F10 -> 360.63
A11: 6．制水环节职工薪酬 | B11: B8 | C11: ='东部-表2供水企业供水成本费用表'!C11+'西部-表2供水企业供水成本费用表'!C11+'二次-表2供水企业供水成本费用表'!C11+'中法-表2供水企业供水成本费用表'!C11 -> 3388.06 | D11: ='东部-表2供水企业供水成本费用表'!D11+'西部-表2供水企业供水成本费用表'!D11+'二次-表2供水企业供水成本费用表'!D11+'中法-表2供水企业供水成本费用表'!D11 -> 3634.7 | E11: ='东部-表2供水企业供水成本费用表'!E11+'西部-表2供水企业供水成本费用表'!E11+'二次-表2供水企业供水成本费用表'!E11+'中法-表2供水企业供水成本费用表'!E11 -> 4711.39 | F11: ='东部-表2供水企业供水成本费用表'!F11+'西部-表2供水企业供水成本费用表'!F11+'二次-表2供水企业供水成本费用表'!F11+'中法-表2供水企业供水成本费用表'!F11 -> 4013.7
A12: 7．制水环节固定资产折旧 | B12: B9 | C12: ='东部-表2供水企业供水成本费用表'!C12+'西部-表2供水企业供水成本费用表'!C12+'二次-表2供水企业供水成本费用表'!C12+'中法-表2供水企业供水成本费用表'!C12 -> 1187.05 | D12: ='东部-表2供水企业供水成本费用表'!D12+'西部-表2供水企业供水成本费用表'!D12+'二次-表2供水企业供水成本费用表'!D12+'中法-表2供水企业供水成本费用表'!D12 -> 1484.02 | E12: ='东部-表2供水企业供水成本费用表'!E12+'西部-表2供水企业供水成本费用表'!E12+'二次-表2供水企业供水成本费用表'!E12+'中法-表2供水企业供水成本费用表'!E12 -> 6987.46 | F12: ='东部-表2供水企业供水成本费用表'!F12+'西部-表2供水企业供水成本费用表'!F12+'二次-表2供水企业供水成本费用表'!F12+'中法-表2供水企业供水成本费用表'!F12 -> 3766.09
A13: 8．其他制水费用 | B13: B10 | C13: ='东部-表2供水企业供水成本费用表'!C13+'西部-表2供水企业供水成本费用表'!C13+'二次-表2供水企业供水成本费用表'!C13+'中法-表2供水企业供水成本费用表'!C13 -> 492.7 | D13: ='东部-表2供水企业供水成本费用表'!D13+'西部-表2供水企业供水成本费用表'!D13+'二次-表2供水企业供水成本费用表'!D13+'中法-表2供水企业供水成本费用表'!D13 -> 535.41 | E13: ='东部-表2供水企业供水成本费用表'!E13+'西部-表2供水企业供水成本费用表'!E13+'二次-表2供水企业供水成本费用表'!E13+'中法-表2供水企业供水成本费用表'!E13 -> 1154.63 | F13: ='东部-表2供水企业供水成本费用表'!F13+'西部-表2供水企业供水成本费用表'!F13+'二次-表2供水企业供水成本费用表'!F13+'中法-表2供水企业供水成本费用表'!F13 -> 731.53
A14: （二）期间费用 | B14: B11=B12+B15+B25 | C14: ='东部-表2供水企业供水成本费用表'!C14+'西部-表2供水企业供水成本费用表'!C14+'二次-表2供水企业供水成本费用表'!C14+'中法-表2供水企业供水成本费用表'!C14 -> 16906.19 | D14: ='东部-表2供水企业供水成本费用表'!D14+'西部-表2供水企业供水成本费用表'!D14+'二次-表2供水企业供水成本费用表'!D14+'中法-表2供水企业供水成本费用表'!D14 -> 20024.78 | E14: ='东部-表2供水企业供水成本费用表'!E14+'西部-表2供水企业供水成本费用表'!E14+'二次-表2供水企业供水成本费用表'!E14+'中法-表2供水企业供水成本费用表'!E14 -> 11750.23 | F14: ='东部-表2供水企业供水成本费用表'!F14+'西部-表2供水企业供水成本费用表'!F14+'二次-表2供水企业供水成本费用表'!F14+'中法-表2供水企业供水成本费用表'!F14 -> 16452.13
A15: 1．管理费用 | B15: B12=Σ(B13:B14) | C15: ='东部-表2供水企业供水成本费用表'!C15+'西部-表2供水企业供水成本费用表'!C15+'二次-表2供水企业供水成本费用表'!C15+'中法-表2供水企业供水成本费用表'!C15 -> 2807.28 | D15: ='东部-表2供水企业供水成本费用表'!D15+'西部-表2供水企业供水成本费用表'!D15+'二次-表2供水企业供水成本费用表'!D15+'中法-表2供水企业供水成本费用表'!D15 -> 2794.63 | E15: ='东部-表2供水企业供水成本费用表'!E15+'西部-表2供水企业供水成本费用表'!E15+'二次-表2供水企业供水成本费用表'!E15+'中法-表2供水企业供水成本费用表'!E15 -> 2718.8 | F15: ='东部-表2供水企业供水成本费用表'!F15+'西部-表2供水企业供水成本费用表'!F15+'二次-表2供水企业供水成本费用表'!F15+'中法-表2供水企业供水成本费用表'!F15 -> 2808.46
... A31: (三）主营业务税金及附加 | B31: B28 | C31: ='东部-表2供水企业供水成本费用表'!C31+'西部-表2供水企业供水成本费用表'!C31+'二次-表2供水企业供水成本费用表'!C31+'中法-表2供水企业供水成本费用表'!C31 -> 464.66 | D31: ='东部-表2供水企业供水成本费用表'!D31+'西部-表2供水企业供水成本费用表'!D31+'二次-表2供水企业供水成本费用表'!D31+'中法-表2供水企业供水成本费用表'!D31 -> 415.85 | E31: ='东部-表2供水企业供水成本费用表'!E31+'西部-表2供水企业供水成本费用表'!E31+'二次-表2供水企业供水成本费用表'!E31+'中法-表2供水企业供水成本费用表'!E31 -> 371.14 | F31: ='东部-表2供水企业供水成本费用表'!F31+'西部-表2供水企业供水成本费用表'!F31+'二次-表2供水企业供水成本费用表'!F31+'中法-表2供水企业供水成本费用表'!F31 -> 420.24
A32: 二、水量及差率 | B32: B29
A33: （一）年供水总量（万㎡） | B33: B30 | C33: ='东部-表2供水企业供水成本费用表'!C33+'西部-表2供水企业供水成本费用表'!C33+'二次-表2供水企业供水成本费用表'!C33+'中法-表2供水企业供水成本费用表'!C33 -> 19766.75 | D33: ='东部-表2供水企业供水成本费用表'!D33+'西部-表2供水企业供水成本费用表'!D33+'二次-表2供水企业供水成本费用表'!D33+'中法-表2供水企业供水成本费用表'!D33 -> 20607.96 | E33: ='东部-表2供水企业供水成本费用表'!E33+'西部-表2供水企业供水成本费用表'!E33+'二次-表2供水企业供水成本费用表'!E33+'中法-表2供水企业供水成本费用表'!E33 -> 19468.95 | F33: ='东部-表2供水企业供水成本费用表'!F33+'西部-表2供水企业供水成本费用表'!F33+'二次-表2供水企业供水成本费用表'!F33+'中法-表2供水企业供水成本费用表'!F33 -> 20438.72
A34: （二）年售水总量（万㎡） | B34: B31 | C34: ='东部-表2供水企业供水成本费用表'!C34+'西部-表2供水企业供水成本费用表'!C34+'二次-表2供水企业供水成本费用表'!C34+'中法-表2供水企业供水成本费用表'!C34 -> 17523.98 | D34: ='东部-表2供水企业供水成本费用表'!D34+'西部-表2供水企业供水成本费用表'!D34+'二次-表2供水企业供水成本费用表'!D34+'中法-表2供水企业供水成本费用表'!D34 -> 18271.97 | E34: ='东部-表2供水企业供水成本费用表'!E34+'西部-表2供水企业供水成本费用表'!E34+'二次-表2供水企业供水成本费用表'!E34+'中法-表2供水企业供水成本费用表'!E34 -> 17322.74 | F34: ='东部-表2供水企业供水成本费用表'!F34+'西部-表2供水企业供水成本费用表'!F34+'二次-表2供水企业供水成本费用表'!F34+'中法-表2供水企业供水成本费用表'!F34 -> 18165.96
A35: （三）产销差率（％） | B35: B32 | C35: =('东部-表2供水企业供水成本费用表'!C35+'西部-表2供水企业供水成本费用表'!C35+'二次-表2供水企业供水成本费用表'!C35+'中法-表2供水企业供水成本费用表'!C35)/3 -> 0.08 | D35: =('东部-表2供水企业供水成本费用表'!D35+'西部-表2供水企业供水成本费用表'!D35+'二次-表2供水企业供水成本费用表'!D35+'中法-表2供水企业供水成本费用表'!D35)/3 -> 0.08 | E35: =('东部-表2供水企业供水成本费用表'!E35+'西部-表2供水企业供水成本费用表'!E35+'二次-表2供水企业供水成本费用表'!E35+'中法-表2供水企业供水成本费用表'!E35)/4 -> 0.08 | F35: =(C35+D35+E35)/3 -> 0.08
A36: （四）管网漏损率（％） | B36: B33 | C36: =('东部-表2供水企业供水成本费用表'!C36+'西部-表2供水企业供水成本费用表'!C36+'二次-表2供水企业供水成本费用表'!C36+'中法-表2供水企业供水成本费用表'!C36)/3 -> 0.07 | D36: =('东部-表2供水企业供水成本费用表'!D36+'西部-表2供水企业供水成本费用表'!D36+'二次-表2供水企业供水成本费用表'!D36+'中法-表2供水企业供水成本费用表'!D36)/3 -> 0.07 | E36: =('东部-表2供水企业供水成本费用表'!E36+'西部-表2供水企业供水成本费用表'!E36+'二次-表2供水企业供水成本费用表'!E36+'中法-表2供水企业供水成本费用表'!E36)/4 -> 0.07 | F36: =(C36+D36+E36)/3 -> 0.07
A37: 三、单位供水定价成本（元/吨） | B37: B34=B1/B31 | C37: =('东部-表2供水企业供水成本费用表'!C37+'西部-表2供水企业供水成本费用表'!C37+'二次-表2供水企业供水成本费用表'!C37+'中法-表2供水企业供水成本费用表'!C37)/3 -> 2.18 | D37: =('东部-表2供水企业供水成本费用表'!D37+'西部-表2供水企业供水成本费用表'!D37+'二次-表2供水企业供水成本费用表'!D37+'中法-表2供水企业供水成本费用表'!D37)/3 -> 2.25 | E37: =('东部-表2供水企业供水成本费用表'!E37+'西部-表2供水企业供水成本费用表'!E37+'二次-表2供水企业供水成本费用表'!E37+'中法-表2供水企业供水成本费用表'!E37)/4 -> 2.36 | F37: =F4/F34 -> 2.29

Sheet 东部-表2供水企业供水成本费用表
A1: 供水企业供水成本费用表
A2: 供水企业名称：海南天涯水业东部供水有限公司 | F2: 单位：万元
A3: 项目名称 | B3: 行次及关系 | C3: 2018年 | D3: 2019年 | E3: 2020年 | F3: 三年平均
A4: 一、运营成本合计（单位：万元） | B4: B1=B2+B11+B26 | C4: =C5+C14+C31 -> 4731.98 | D4: =D5+D14+D31 -> 4944.94 | E4: =E5+E14+E31 -> 4400.42 | F4: =(C4+D4+E4)/3 -> 4692.45
A5: （一）制水成本 | B5: B2=Σ(B3:B10) | C5: =SUM(C6:C13) -> 2142.34 | D5: =SUM(D6:D13) -> 2569.89 | E5: =SUM(E6:E13) -> 3356.73 | F5: =(C5+D5+E5)/3 -> 2689.65
A6: 1．原水费 | B6: B3 | C6: 664.93 | D6: 708.56 | E6: 645.03 | F6: =(C6+D6+E6)/3 -> 672.84
A7: 2．原材料费 | B7: B4 | C7: 99.97 | D7: 108.98 | E7: 109 | F7: =(C7+D7+E7)/3 -> 105.98
A8: 3．动力费 | B8: B5 | C8: 248.86 | D8: 262.4 | E8: 243.32 | F8: =(C8+D8+E8)/3 -> 251.53
A9: 4．外购成品水费 | B9: B6 | C9: 342.86 | D9: 499.1 | E9: 141.05 | F9: =(C9+D9+E9)/3 -> 327.67
A10: 5．修理费 | B10: B7 | C10: 51.47 | D10: 180.38 | E10: 51.96 | F10: =(C10+D10+E10)/3 -> 94.6
A11: 6．制水环节职工薪酬 | B11: B8 | C11: 363.24 | D11: 398.97 | E11: 548.29 | F11: =(C11+D11+E11)/3 -> 436.83
A12: 7．制水环节固定资产折旧 | B12: B9 | C12: 189.17 | D12: 250.48 | E12: 1232.62 | F12: =(C12+D12+E12)/3 -> 557.42
A13: 8．其他制水费用 | B13: B10 | C13: 181.84 | D13: 161.02 | E13: 385.46 | F13: =(C13+D13+E13)/3 -> 242.77
A14: （二）期间费用 | B14: B11=B12+B15+B25 | C14: =C15+C18+C30 -> 2508.55 | D14: =D15+D18+D30 -> 2315.88 | E14: =E15+E18+E30 -> 987.59 | F14: =(C14+D14+E14)/3 -> 1937.34
A15: 1．管理费用 | B15: B12=Σ(B13:B14) | C15: =C16+C17 -> 27.84 | D15: =D16+D17 -> 33.09 | E15: =E16+E17 -> 62.33 | F15: =(C15+D15+E15)/3 -> 41.09
A16: （1）管理职工薪酬 | B16: B13 | C16: 22.73 | D16: 27.07 | E16: 25.95 | F16: =(C16+D16+E16)/3 -> 25.25
A17: （2）其他管理费用 | B17: B14 | C17: 5.11 | D17: 6.02 | E17: 36.38 | F17: =(C17+D17+E17)/3 -> 15.84
A18: 2．销售费用 | B18: B15=Σ(B16:B24) | C18: =SUM(C19:C29) -> 2481.47 | D18: =SUM(D19:D29) -> 2285.66 | E18: =SUM(E19:E29) -> 901.84 | F18: =(C18+D18+E18)/3 -> 1889.66
A19: （1）销售职工薪酬 | B19: B16 | C19: 408.95 | D19: 402.97 | E19: 425.79 | F19: =(C19+D19+E19)/3 -> 412.57
A20: (2) 固定资产折旧 | B20: B17 | C20: 964.92 | D20: 973.76 | F20: =(C20+D20+E20)/3 -> 646.23
A21: （3）办公费 | B21: B18 | C21: 20.2 | D21: 7.5 | E21: 6.35 | F21: =(C21+D21+E21)/3 -> 11.35
A22: （4）安全生产费 | B22: B19
A23: （5）技术支持费 | B23: B20
A24: （6）管网抢修费用 | B24: B21 | C24: 64.47 | D24: 111.65 | E24: 131.69 | F24: =(C24+D24+E24)/3 -> 102.6
A25: (7) 其他销售费用 | B25: B22 | C25: 388.72 | D25: 398.79 | E25: 66.05 | F25: =(C25+D25+E25)/3 -> 284.52
A26: （8）机、物料消耗 | B26: B23
A27: （9）其他业务分摊 | B27: B24
A28: （10）安装成本 | B28: B25 | C28: 525.85 | D28: 282.63 | E28: 163.6 | F28: =(C28+D28+E28)/3 -> 324.03
A29: （11）在建未转固折旧 | B29: B26 | C29: 108.36 | D29: 108.36 | E29: 108.36 | F29: =(C29+D29+E29)/3 -> 108.36
A30: 3．财务费用 | B30: B27 | C30: -0.76 | D30: -2.87 | E30: 23.42 | F30: =(C30+D30+E30)/3 -> 6.6
A31: (三）主营业务税金及附加 | B31: B28 | C31: 81.09 | D31: 59.17 | E31: 56.1 | F31: =(C31+D31+E31)/3 -> 65.45
A32: 二、水量及差率 | B32: B29
A33: （一）年供水总量（万㎡） | B33: B30 | C33: =1901.11+107.15 -> 2008.26 | D33: =2034.15+155.97 -> 2190.12 | E33: =1912.09+44.08 -> 1956.17 | F33: =(C33+D33+E33)/3 -> 2051.52
A34: （二）年售水总量（万㎡） | B34: B31 | C34: 1979.65 | D34: 2113.99 | E34: 1886.46 | F34: =(C34+D34+E34)/3 -> 1993.37
A35: （三）产销差率（％） | B35: B32 | C35: =(C33-C34)/C33 -> 0.01 | D35: =(D33-D34)/D33 -> 0.03 | E35: =(E33-E34)/E33 -> 0.04 | F35: =(C35+D35+E35)/3 -> 0.03
A36: （四）管网漏损率（％） | B36: B33 | C36: 0.01 | D36: 0.02 | E36: 0.02 | F36: =(C36+D36+E36)/3 -> 0.02
A37: 三、单位供水定价成本（元/吨） | B37: B34=B1/B31 | C37: =C4/C34 -> 2.39 | D37: =D4/D34 -> 2.34 | E37: =E4/E34 -> 2.33 | F37: =F4/F34 -> 2.35

Sheet 西部-表2供水企业供水成本费用表
A1: 供水企业供水成本费用表
A2: 供水企业名称：海南天涯水业西部供水有限公司 | F2: 单位：万元
A3: 项目名称 | B3: 行次及关系 | C3: 2018年 | D3: 2019年 | E3: 2020年 | F3: 三年平均
A4: 一、运营成本合计（单位：万元） | B4: B1=B2+B11+B26 | C4: =C5+C14+C31 -> 9341.92 | D4: =D5+D14+D31 -> 9602.98 | E4: =E5+E14+E31 -> 9207.74 | F4: =(C4+D4+E4)/3 -> 9384.21
A5: （一）制水成本 | B5: B2=Σ(B3:B10) | C5: =SUM(C6:C13) -> 3631.5 | D5: =SUM(D6:D13) -> 3901.29 | E5: =SUM(E6:E13) -> 7832.69 | F5: =(C5+D5+E5)/3 -> 5121.83
A6: 1．原水费 | B6: B3 | C6: 1683.31 | D6: 1825.66 | E6: 1610.81 | F6: =(C6+D6+E6)/3 -> 1706.59
A7: 2．原材料费 | B7: B4 | C7: 205.14 | D7: 227.54 | E7: 179.35 | F7: =(C7+D7+E7)/3 -> 204.01
A8: 3．动力费 | B8: B5 | C8: 642.75 | D8: 661.58 | E8: 612.52 | F8: =(C8+D8+E8)/3 -> 638.95
A9: 4．外购成品水费 | B9: B6 | F9: =(C9+D9+E9)/3 -> 0
A10: 5．修理费 | B10: B7 | C10: 48.62 | D10: 108.57 | E10: 1.87 | F10: =(C10+D10+E10)/3 -> 53.02
A11: 6．制水环节职工薪酬 | B11: B8 | C11: 445.82 | D11: 489.78 | E11: 794.94 | F11: =(C11+D11+E11)/3 -> 576.85
A12: 7．制水环节固定资产折旧 | B12: B9 | C12: 450.65 | D12: 415.06 | E12: 4106.01 | F12: =(C12+D12+E12)/3 -> 1657.24
A13: 8．其他制水费用 | B13: B10 | C13: 155.21 | D13: 173.1 | E13: 527.19 | F13: =(C13+D13+E13)/3 -> 285.17
A14: （二）期间费用 | B14: B11=B12+B15+B25 | C14: =C15+C18+C30 -> 5603.75 | D14: =D15+D18+D30 -> 5602.49 | E14: =E15+E18+E30 -> 1280.69 | F14: =(C14+D14+E14)/3 -> 4162.31
A15: 1．管理费用 | B15: B12=Σ(B13:B14) | C15: =SUM(C16:C17) -> 66.12 | D15: =SUM(D16:D17) -> 62.97 | E15: =SUM(E16:E17) -> 92.18 | F15: =(C15+D15+E15)/3 -> 73.76
A16: （1）管理职工薪酬 | B16: B13 | C16: 52.11 | D16: 53.4 | E16: 52.58 | F16: =(C16+D16+E16)/3 -> 52.7
A17: （2）其他管理费用 | B17: B14 | C17: 14.01 | D17: 9.57 | E17: 39.6 | F17: =(C17+D17+E17)/3 -> 21.06
A18: 2．销售费用 | B18: B15=Σ(B16:B24) | C18: =SUM(C19:C29) -> 5537.59 | D18: =SUM(D19:D29) -> 5539.04 | E18: =SUM(E19:E29) -> 1149.31 | F18: =(C18+D18+E18)/3 -> 4075.31
A19: （1）销售职工薪酬 | B19: B16 | C19: 795.67 | D19: 822.26 | E19: 639.8 | F19: =(C19+D19+E19)/3 -> 752.58
A20: (2) 固定资产折旧 | B20: B17 | C20: 3491.51 | D20: 3545.38 | E20: 0 | F20: =(C20+D20+E20)/3 -> 2345.63
A21: （3）办公费 | B21: B18
A22: （4）安全生产费 | B22: B19 | C22: 130.13 | D22: 154.35 | E22: 166.45 | F22: =(C22+D22+E22)/3 -> 150.31
A23: （5）技术支持费 | B23: B20 | C23: 416.36 | D23: 422.44 | E23: 0 | F23: =(C23+D23+E23)/3 -> 279.6
A24: （6）管网抢修费用 | B24: B21 | C24: 383.91 | D24: 302.31 | E24: 32.34 | F24: =(C24+D24+E24)/3 -> 239.52
A25: (7) 其他销售费用 | B25: B22 | C25: 125.84 | D25: 130.5 | E25: 90.09 | F25: =(C25+D25+E25)/3 -> 115.48
A26: （8）机、物料消耗 | B26: B23
A27: （9）其他业务分摊 | B27: B24
A28: （10）安装成本 | B28: B25 | C28: 139.2 | D28: 108.89 | E28: 220.63 | F28: =(C28+D28+E28)/3 -> 156.24
A29: （11）在建未转固折旧 | B29: B26 | C29: 54.97 | D29: 52.91 | E29: 0 | F29: =(C29+D29+E29)/3 -> 35.96
A30: 3．财务费用 | B30: B27 | C30: 0.04 | D30: 0.48 | E30: 39.2 | F30: =(C30+D30+E30)/3 -> 13.24
A31: (三）主营业务税金及附加 | B31: B28 | C31: 106.67 | D31: 99.2 | E31: 94.36 | F31: =(C31+D31+E31)/3 -> 100.08
A32: 二、水量及差率 | B32: B29 | F32: =(C32+D32+E32)/3 -> 0
A33: （一）年供水总量（万㎡） | B33: B30 | C33: 5366.13 | D33: 5654.91 | E33: 5132.4 | F33: =(C33+D33+E33)/3 -> 5384.48
A34: （二）年售水总量（万㎡） | B34: B31 | C34: 5010.82 | D34: 5309.49 | E34: 4849.12 | F34: =(C34+D34+E34)/3 -> 5056.48
A35: （三）产销差率（％） | B35: B32 | C35: =(1-C34/C33) -> 0.07 | D35: =(1-D34/D33) -> 0.06 | E35: =(1-E34/E33) -> 0.06 | F35: =(C35+D35+E35)/3 -> 0.06
A36: （四）管网漏损率（％） | B36: B33 | C36: 0.05 | D36: 0.05 | E36: 0.05 | F36: =(C36+D36+E36)/3 -> 0.05
A37: 三、单位供水定价成本（元/吨） | B37: B34=B1/B31 | C37: =C4/C34 -> 1.86 | D37: =D4/D34 -> 1.81 | E37: =E4/E34 -> 1.9 | F37: =(C37+D37+E37)/3 -> 1.86

Sheet 二次-表2供水企业供水成本费用表
A1: 供水企业供水成本费用表
A2: 供水企业名称：海南天涯水业二次供水管理有限公司 | F2: 单位：万元
A3: 项目名称 | B3: 行次及关系 | C3: 2018年 | D3: 2019年 | E3: 2020年 | F3: 三年平均
A4: 一、运营成本合计（单位：万元） | B4: B1=B2+B11+B26 | E4: =E5+E14+E31 -> 1866.82 | F4: =F5+F14+F31 -> 1866.82
A5: （一）制水成本 | B5: B2=Σ(B3:B10) | E5: =SUM(E6:E13) -> 1524.7 | F5: =SUM(F6:F13) -> 1524.7
A6: 1．原水费 | B6: B3 | E6: 35.46 | F6: 35.46
A7: 2．原材料费 | B7: B4 | E7: 8.1 | F7: 8.1
A8: 3．动力费 | B8: B5 | E8: 20.68 | F8: 20.68
A9: 4．外购成品水费 | B9: B6 | E9: 479.67 | F9: 479.67
A10: 5．修理费 | B10: B7 | E10: 1.51 | F10: 1.51
A11: 6．制水环节职工薪酬 | B11: B8 | E11: 153.47 | F11: 153.47
A12: 7．制水环节固定资产折旧 | B12: B9 | E12: 819.88 | F12: 819.88
A13: 8．其他制水费用 | B13: B10 | E13: 5.93 | F13: 5.93
A14: （二）期间费用 | B14: B11=B12+B15+B25 | E14: =E15+E18+E30 -> 337.59 | F14: =F15+F18+F30 -> 337.59
A15: 1．管理费用 | B15: B12=Σ(B13:B14) | E15: =SUM(E16:E17) -> 52.32 | F15: =SUM(F16:F17) -> 52.32
A16: （1）管理职工薪酬 | B16: B13 | E16: 48.78 | F16: 48.78
A17: （2）其他管理费用 | B17: B14 | E17: 3.54 | F17: 3.54
A18: 2．销售费用 | B18: B15=Σ(B16:B24) | E18: =SUM(E19:E29) -> 285.99 | F18: =SUM(F19:F29) -> 285.99
A19: （1）销售职工薪酬 | B19: B16 | E19: 148.56 | F19: 148.56
A20: (2) 固定资产折旧 | B20: B17
A21: （3）办公费 | B21: B18 | E21: 3.74 | F21: 3.74
A22: （4）安全生产费 | B22: B19
A23: （5）技术支持费 | B23: B20
A24: （6）管网抢修费用 | B24: B21 | E24: 2.71 | F24: 2.71
A25: (7) 其他销售费用 | B25: B22 | E25: 69.56 | F25: 69.56
A26: （8）机、物料消耗 | B26: B23 | E26: 0.94 | F26: 0.94
A27: （9）其他业务分摊 | B27: B24 | E27: -14.39 | F27: -14.39
A28: （10）安装成本 | B28: B25 | E28: 74.87 | F28: =E28 -> 74.87
A29: （11）在建未转固折旧 | B29: B26 | E29: 0 | F29: 0
A30: 3．财务费用 | B30: B27 | E30: -0.72 | F30: -0.72
A31: (三）主营业务税金及附加 | B31: B28 | E31: 4.53 | F31: 4.53
A32: 二、水量及差率 | B32: B29
A33: （一）年供水总量（万㎡） | B33: B30 | E33: 736.25 | F33: 736.25
A34: （二）年售水总量（万㎡） | B34: B31 | E34: 689.58 | F34: 689.58
A35: （三）产销差率（％） | B35: B32 | E35: =(1-E34/E33) -> 0.06 | F35: =(1-F34/F33) -> 0.06
A36: （四）管网漏损率（％） | B36: B33 | E36: 0.06 | F36: 0.06
A37: 三、单位供水定价成本（元/吨） | B37: B34=B1/B31 | E37: =E4/E34 -> 2.71 | F37: =F4/F34 -> 2.71

Sheet 中法-表2供水企业供水成本费用表
A1: 供水企业供水成本费用表
A2: 供水企业名称：三亚中法供水有限公司
A3: 项目名称 | B3: 行次及关系 | C3: 2018年 | D3: 2019年 | E3: 2020年 | F3: 三年平均
A4: 一、运营成本合计（单位：万元） | B4: B1=B2+B11+B26 | C4: =C5+C14+C31 -> 24016.84 | D4: =D5+D14+D31 -> 28282.14 | E4: =E5+E14+E31 -> 24501.79 | F4: =(C4+D4+E4)/3 -> 25600.26
A5: （一）制水成本 | B5: B2=Σ(B3:B10) | C5: =SUM(C6:C13) -> 14946.05 | D5: =SUM(D6:D13) -> 15918.25 | E5: =SUM(E6:E13) -> 15141.28 | F5: =(C5+D5+E5)/3 -> 15335.19
A6: 1．原水费 | B6: B3 | C6: 3145.18 | D6: 3240.66 | E6: 3020.19 | F6: =(C6+D6+E6)/3 -> 3135.34
A7: 2．原材料费 | B7: B4 | C7: 512.74 | D7: 657.02 | E7: 728.66 | F7: =(C7+D7+E7)/3 -> 632.81
A8: 3．动力费 | B8: B5 | C8: 1457.33 | D8: 1660.39 | E8: 1549.67 | F8: =(C8+D8+E8)/3 -> 1555.8
A9: 4．外购成品水费 | B9: B6 | C9: 6286.62 | D9: 6377.59 | E9: 5407.74 | F9: =(C9+D9+E9)/3 -> 6023.98
A10: 5．修理费 | B10: B7 | C10: 262.3 | D10: 216.87 | E10: 155.33 | F10: =(C10+D10+E10)/3 -> 211.5
A11: 6．制水环节职工薪酬 | B11: B8 | C11: 2579 | D11: 2745.95 | E11: 3214.69 | F11: =(C11+D11+E11)/3 -> 2846.55
A12: 7．制水环节固定资产折旧 | B12: B9 | C12: 547.23 | D12: 818.48 | E12: 828.95 | F12: =(C12+D12+E12)/3 -> 731.55
A13: 8．其他制水费用 | B13: B10 | C13: 155.65 | D13: 201.29 | E13: 236.05 | F13: =(C13+D13+E13)/3 -> 197.66
A14: （二）期间费用 | B14: B11=B12+B15+B25 | C14: =C15+C18+C30 -> 8793.89 | D14: =D15+D18+D30 -> 12106.41 | E14: =E15+E18+E30 -> 9144.36 | F14: =(C14+D14+E14)/3 -> 10014.89
A15: 1．管理费用 | B15: B12=Σ(B13:B14) | C15: =SUM(C16:C17) -> 2713.32 | D15: =SUM(D16:D17) -> 2698.57 | E15: =SUM(E16:E17) -> 2511.97 | F15: =(C15+D15+E15)/3 -> 2641.29
A16: （1）管理职工薪酬 | B16: B13 | C16: 818.47 | D16: 902.13 | E16: 773.21 | F16: =(C16+D16+E16)/3 -> 831.27
A17: （2）其他管理费用 | B17: B14 | C17: 1894.85 | D17: 1796.44 | E17: 1738.76 | F17: =(C17+D17+E17)/3 -> 1810.02
A18: 2．销售费用 | B18: B15=Σ(B16:B24) | C18: =SUM(C19:C29) -> 5933.49 | D18: =SUM(D19:D29) -> 9226.5 | E18: =SUM(E19:E29) -> 6410.17 | F18: =(C18+D18+E18)/3 -> 7190.05
A19: （1）销售职工薪酬 | B19: B16 | C19: 2450.22 | D19: 2604.7 | E19: 2314.28 | F19: =(C19+D19+E19)/3 -> 2456.4
A20: (2) 固定资产折旧 | B20: B17 | C20: 943.67 | D20: 948.32 | E20: 949.47 | F20: =(C20+D20+E20)/3 -> 947.15
A21: （3）办公费 | B21: B18 | C21: 146.03 | D21: 130 | E21: 123.74
A22: （4）安全生产费 | B22: B19 | C22: 62.78 | D22: 51.98 | E22: 50.14 | F22: =(C22+D22+E22)/3 -> 54.97
A23: （5）技术支持费 | B23: B20
A24: （6）管网抢修费用 | B24: B21 | C24: 315.13 | D24: 226.67 | E24: 213.31 | F24: =(C24+D24+E24)/3 -> 251.7
A25: (7) 其他销售费用 | B25: B22 | C25: 19.42 | D25: 46.55 | E25: 57.02 | F25: =(C25+D25+E25)/3 -> 41
A26: （8）机、物料消耗 | B26: B23
A27: （9）其他业务分摊 | B27: B24
A28: （10）安装成本 | B28: B25 | C28: =11555206.74/10000 -> 1155.52 | D28: =43086825.23/10000 -> 4308.68 | E28: =17673851.31/10000 -> 1767.39 | F28: =(C28+D28+E28)/3 -> 2410.53
A29: （11）在建未转固折旧 | B29: B26 | C29: =8407165.01/10000 -> 840.72 | D29: =9095990/10000 -> 909.6 | E29: =9348171/10000 -> 934.82 | F29: =(C29+D29+E29)/3 -> 895.05
A30: 3．财务费用 | B30: B27 | C30: 147.08 | D30: 181.34 | E30: 222.22 | F30: =(C30+D30+E30)/3 -> 183.55
A31: (三）主营业务税金及附加 | B31: B28 | C31: 276.9 | D31: 257.48 | E31: 216.15 | F31: =(C31+D31+E31)/3 -> 250.18
A32: 二、水量及差率 | B32: B29
A33: （一）年供水总量（万㎡） | B33: B30 | C33: 12392.36 | D33: 12762.93 | E33: 11644.13 | F33: =(C33+D33+E33)/3 -> 12266.47
A34: （二）年售水总量（万㎡） | B34: B31 | C34: 10533.51 | D34: 10848.49 | E34: 9897.58 | F34: =(C34+D34+E34)/3 -> 10426.53
A35: （三）产销差率（％） | B35: B32 | C35: =(1-C34/C33) -> 0.15 | D35: =(1-D34/D33) -> 0.15 | E35: =(1-E34/E33) -> 0.15 | F35: =(C35+D35+E35)/3 -> 0.15
A36: （四）管网漏损率（％） | B36: B33 | C36: 0.15 | D36: 0.15 | E36: 0.15 | F36: =(C36+D36+E36)/3 -> 0.15
A37: 三、单位供水定价成本（元/吨） | B37: B34=B1/B31 | C37: =C4/C34 -> 2.28 | D37: =D4/D34 -> 2.61 | E37: =E4/E34 -> 2.48 | F37: =(C37+D37+E37)/3 -> 2.46
